 Dungeon Crawl Stone Soup version 0.24-a0-581-gc0fa6600bf (webtiles) character file.

Game seed: 147469531507101741

223 Eightlegvermin the Insei (level 6, -3/38 HPs)
             Began as an Octopode Transmuter on Aug 25, 2019.
             Slain by an ogre
             ... wielding a +0 giant spiked club
              (16 damage)
             ... on level 4 of the Dungeon.
             The game lasted 00:15:56 (3540 turns).

Eightlegvermin the Insei (Octopode Transmuter)      Turns: 3540, Time: 00:15:57

Health: -3/38      AC:  1    Str:  9    XL:     6   Next: 0%
Magic:  3/9        EV: 13    Int: 22    God:
Gold:   142        SH:  0    Dex: 14    Spells: 3/9 levels left

rFire    . . .     SeeInvis .     - Unarmed
rCold    . . .     Gourm    .   (no shield)
rNeg     . . .     Faith    .   (helmet restricted)
rPois    .         Spirit   .   (no amulet)
rElec    .         Reflect  .   g - +6 ring of intelligence
rCorr    .         Harm     .   (no ring)
MR       .....                  (no ring)
Stlth    +++.......             (no ring)
HPRegen  0.12/turn              (no ring)
MPRegen  0.11/turn              (no ring)
                                (no ring)
                                (no ring)

@: no status effects
A: almost no armour, stealthy swim, amphibious, 8 rings, constrict 8, camouflage
1, gelatinous body 1
a: no special abilities


You were on level 4 of the Dungeon.
You were not hungry.

You visited 1 branch of the dungeon, and saw 4 of its levels.

You collected 142 gold pieces.

Inventory:

Hand Weapons
 l - a +0 spear
 p - a cursed -1 whip
Missiles
 a - 19 arrows
 f - 7 poisoned darts (quivered)
Jewellery
 g - a +6 ring of intelligence (left tentacle)
Wands
 r - a wand of disintegration (8)
Scrolls
 d - a scroll of magic mapping
 k - 3 scrolls of identify
 t - a scroll of fear {unknown}
Potions
 b - 4 potions of curing
 e - a potion of degeneration {unknown}
 h - a potion of might {unknown}
 i - a potion of brilliance {unknown}
 j - a potion of magic {unknown}
 m - a potion of agility {unknown}
 n - a potion of cancellation {unknown}
 o - 2 potions of invisibility {unknown}
 s - a potion of ambrosia {unknown}
Comestibles
 c - 3 rations
 q - 2 chunks of flesh


   Skills:
 - Level 1.0 Fighting
 - Level 2.1 Dodging
 - Level 3.1 Stealth
 + Level 4.2 Unarmed Combat
 - Level 2.1 Spellcasting
 * Level 4.0 Transmutations
 - Level 2.1 Poison Magic


You had 3 spell levels left.
You knew the following spells:

 Your Spells              Type           Power        Failure   Level  Hunger
a - Beastly Appendage     Tmut           ###...       2%          1    #......
b - Sticks to Snakes      Tmut           ###.....     4%          2    ##.....
c - Spider Form           Tmut/Pois      ###.......   12%         3    ###....

Your spell library contained the following spells:

 Spells                   Type           Power        Failure   Level  Hunger
 Ice Form                 Ice/Tmut       ##......     52%         4    #####..
 Blade Hands              Tmut           ###.......   58%         5    ######.


Dungeon Overview and Level Annotations

Branches:
Dungeon (4/15)
 Temple: D:4-7

Altars:
Fedhas
Hepliaklqana
Ru

Annotations:
D:3 exclusion: oklob plant


Innate Abilities, Weirdness & Mutations

You cannot wear most types of armour.
You are very stealthy in the water. (Stealth+)
You are amphibious.
You can wear up to eight rings at the same time.
You can use your tentacles to constrict eight enemies at once.
Your skin changes colour to match your surroundings (Stealth+).
Your rubbery body absorbs attacks. (AC +1, EV +1)


Message History

The quokka barely misses you.
You see here 25 stones.
The quokka bites you.
You miss the quokka. Your grab misses the quokka. The quokka barely misses you.
You closely miss the quokka. Your grab misses the quokka.
The quokka barely misses you. The quokka bites you.
Casting: Beastly Appendage (safe; 2% risk of failure)
Confirm with . or Enter, or press ? or * to list all spells.
You create a snake!
You now have 21 arrows.
The quokka bites you.
Casting: Sticks to Snakes (safe; 4% risk of failure)
Confirm with . or Enter, or press ? or * to list all spells.
You create a snake!
You now have 20 arrows.
The ogre hits you with a +0 giant spiked club!
The quokka misses you.
Casting: Sticks to Snakes (safe; 4% risk of failure)
Confirm with . or Enter, or press ? or * to list all spells.
You create a snake!
You now have 19 arrows.
The quokka bites you.
The ogre hits you with a +0 giant spiked club!
You die...

# ######### ############
....(...## #..........#
#######..####....).....#
##......S......[.#
######..O.......# .
#......r@......# ..
..###...S.S....#
...#####..........#
.......#..........#
#......#############
..###..)รท...........#
#....##)[...........#
#... ###...........# ...
##........><#


You could see an ogre, a quokka and 3 friendly ball pythons.

Vanquished Creatures
  A worker ant (D:4)
  4 gnolls (D:3)
  4 adders
  An adder skeleton (D:4)
  2 worms (D:2)
  3 dart slugs
  2 leopard geckos
  An orc (D:4)
  2 giant cockroaches (D:1)
  4 goblins
  10 hobgoblins
  8 kobolds
  A quokka (D:3)
  A ball python (D:2)
  13 bats
  8 frilled lizards
  3 rats
68 creatures vanquished.

Vanquished Creatures (collateral kills)
  An orc priest (D:4)
  A worker ant (D:4)
  An adder (D:4)
  An orc (D:4)
4 creatures vanquished.

Vanquished Creatures (others)
  11 toadstools (D:3)
11 creatures vanquished.

Grand Total: 83 creatures vanquished

Notes
Turn   | Place    | Note
-------+----------+-------------------------------------------
     0 | D:1      | Eightlegvermin the Octopode Transmuter began the quest for
                  | the Orb.
     0 | D:1      | Reached XP level 1. HP: 13/13 MP: 3/3
    66 | D:1      | Reached XP level 2. HP: 18/18 MP: 3/5
   141 | D:1      | Reached skill level 1 in Stealth
   351 | D:1      | Reached XP level 3. HP: 23/23 MP: 6/6
   695 | D:2      | Found a sacrificial altar of Ru.
   780 | D:2      | Learned a level 2 spell: Sticks to Snakes
   784 | D:2      | Learned a level 3 spell: Spider Form
  1220 | D:2      | Reached XP level 4. HP: 28/28 MP: 5/7
  1550 | D:3      | Found a hazy altar of Hepliaklqana.
  1923 | D:3      | Found a blossoming altar of Fedhas.
  2493 | D:3      | Reached skill level 1 in Poison Magic
  2711 | D:3      | Reached XP level 5. HP: 29/33 MP: 6/8
  3094 | D:3      | Noticed an oklob plant
  3379 | D:4      | Reached XP level 6. HP: 29/38 MP: 6/9
  3540 | D:4      | Slain by an ogre

Levels and vault maps discovered:
D:1:      ncdulo_wetmaze, layout_rooms
D:2:      layout_loops_ring, nicolae_ru_sacrificial_ziggurat
D:3:      layout_basic, tgw_fedhas, nicolae_overflow_crystal_walls
D:4:      layout_rooms

Skill      XL: |  1  2  3  4  5 |
---------------+----------------+-----
Stealth        | 1 3 |  3.1
Transmutations | 3 4 |  4.0
Poison Magic   | 1 2 |  2.1
Unarmed Combat | 4 |  4.2
Fighting       | |  1.0
Dodging        | |  2.1
Spellcasting   | |  2.1

Action                   |  1- 3 |  4- 6 || total
-------------------------+-------+-------++-------
Melee: Unarmed           |    44 |    61 ||   105
       Constrict         |    19 |    16 ||    35
       Tentacles         |    11 |     6 ||    17
       Kick              |    15 |    16 ||    31
       Spear             |    39 |    25 ||    64
       Punch             |     1 |       ||     1
 Cast: Beastly Appendage |    22 |    14 ||    36
       Spider Form       |       |     3 ||     3
       Sticks to Snakes  |       |     5 ||     5
  Use: Scroll            |       |     6 ||     6
 Stab: Sleeping          |     6 |     7 ||    13
  Eat: Chunk             |     1 |     8 ||     9
Armor: Skin              |    10 |     7 ||    17
Dodge: Dodged            |    42 |    63 ||   105

Table legend:
 A = Non-vault XP
 B = Vault XP
 C = Vault XP percentage of total XP
 D = Non-vault monster count
 E = Vault monster count
 F = Vault count percentage of total count
                 A         B        C        D         E       F
            +---------+---------+-------+---------+---------+-------
      Total |     319 |       0 |   0.0 |      72 |       0 |   0.0
            +---------+---------+-------+---------+---------+-------
        D:1 |      45 |       0 |   0.0 |      27 |       0 |   0.0
        D:2 |      67 |       0 |   0.0 |      21 |       0 |   0.0
        D:3 |      99 |       0 |   0.0 |      16 |       0 |   0.0
        D:4 |     108 |       0 |   0.0 |       8 |       0 |   0.0
            +---------+---------+-------+---------+---------+-------
